 Dungeon Crawl Stone Soup version 0.28-a0-938-gbc3f381ebc (webtiles) character file.

Game seed: 15654731942200136297

122 AttackTheMoon the Sneak (level 5, -4/33 HPs)
             Began as a Kobold Delver on Nov 30, 2021.
             Slain by a phantom (6 damage)
             ... on level 5 of the Dungeon.
             The game lasted 00:00:27 (481 turns).

AttackTheMoon the Sneak (Kobold Delver)              Turns: 481, Time: 00:00:27

Health: -4/33      AC:  3    Str:  9    XL:     5   Next: 27%
Magic:  5/5        EV: 15    Int: 11    God:
Gold:   27         SH:  0    Dex: 18    Spells: 4/4 levels left

rFire   . . .      SeeInvis .   a - +0 short sword
rCold   . . .      Faith    .   (shield restricted)
rNeg    . . .      Spirit   .   b - +0 leather armour
rPois   .          Reflect  .   (no helmet)
rElec   .          Harm     .   (no cloak)
rCorr   .          Rampage  .   (no gloves)
Will    +....                   (no boots)
Stlth   +++++.....              (no amulet)
HPRegen 0.11/turn               h - ring of willpower
MPRegen 0.09/turn               (no ring)

@: no status effects
A: small, no large weapons, nightstalker 3
a: no special abilities


You were on level 5 of the Dungeon.
You visited 1 branch of the dungeon, and saw 1 of its levels.

You collected 27 gold pieces.

Inventory:

Hand Weapons
 a - a +0 short sword (weapon)
Armour
 b - a +0 leather armour (worn)
Jewellery
 h - a ring of willpower (left hand)
Wands
 g - a wand of digging (3)
Scrolls
 c - a scroll of fog
 d - a scroll of magic mapping
 e - a scroll of fear
 i - a scroll of enchant armour {unknown}
Potions
 f - a potion of haste


   Skills:
 + Level 4.1 Fighting
 + Level 4.0 Short Blades
 + Level 3.7 Dodging
 + Level 7.4 Stealth


You had 4 spell levels left.
You didn't know any spells.
Your spell library was empty.

Dungeon Overview and Level Annotations

Branches:
Dungeon (5/15)
 Temple: D:4-7

Altars:


Innate Abilities, Weirdness & Mutations

You are small and have problems with some larger weapons.
You are completely attuned to the shadows.


Message History

You are too injured to fight recklessly!
You are too injured to fight recklessly!
You are too injured to fight recklessly!
You are too injured to fight recklessly!
You are too injured to fight recklessly!
You are too injured to fight recklessly!
You are too injured to fight recklessly!
You are too injured to fight recklessly!
You miss the phantom.
The phantom is heavily damaged.
The phantom closely misses you.
You hit the phantom.
The phantom is heavily damaged.
The phantom hits you.
The phantom blinks!
You blink.
The phantom hits you.
* * * LOW HITPOINT WARNING * * *
You barely miss the phantom.
The phantom is heavily damaged.
The phantom hits you.
* * * LOW HITPOINT WARNING * * *
You hit the phantom.
The phantom is severely damaged.
The phantom hits you.
* * * LOW HITPOINT WARNING * * *
The phantom blinks!
You blink.
You hit the phantom.
The phantom is severely damaged.
The phantom closely misses you.
You miss the phantom.
The phantom is severely damaged.
The phantom completely misses you.
You closely miss the phantom.
The phantom is severely damaged.
You hit the phantom.
The phantom is severely damaged.
The phantom misses you.
You hit the phantom but do no damage.
The phantom is severely damaged.
The phantom hits you.
You die...

#.# #### #.# #...
###### #.# #...
#W#..######.###...
#@.............†..
#...##..######.###...
#.#. #..# #.# #... #
#. #..# #.# #... #.
#..# #.# #.## #... ..
# . .#


You could see a phantom.

Vanquished Creatures
  2 hounds (D:5)
  2 centaur skeletons (D:5)
  A shadow imp (D:5)
5 creatures vanquished.

Notes
Turn   | Place    | Note
-------+----------+-------------------------------------------
     0 | D:5      | AttackTheMoon the Kobold Delver began the quest for the
                  | Orb.
     0 | D:5      | Reached XP level 1. HP: 14/14 MP: 1/1
    54 | D:5      | Noticed a hound
    58 | D:5      | Killed a hound
    59 | D:5      | Reached XP level 2. HP: 20/20 MP: 2/2
    59 | D:5      | Reached XP level 3. HP: 24/24 MP: 3/3
   185 | D:5      | Reached skill level 7 in Stealth
   185 | D:5      | Reached XP level 4. HP: 29/29 MP: 4/4
   249 | D:5      | Reached XP level 5. HP: 7/33 MP: 5/5
   459 | D:5      | Noticed a phantom
   481 | D:5      | Slain by a phantom

Illustrated notes

Levels and vault maps discovered:
D:5:      layout_loops_ring, nicolae_overflow_hidden_temple,
          gammafunk_temple_overflow_pools, ebering_ghost_sewer_d

Skill      XL: |  1  2  3  4 |
---------------+-------------+-----
Short Blades   | 3 4 |  4.0
Dodging        | 3 |  3.7
Stealth        | 7 |  7.4
Fighting       | 4 |  4.1

Action                   |  1- 3 |  4- 6 || total
-------------------------+-------+-------++-------
Melee: Short sword       |     2 |    41 ||    43
 Stab: Sleeping          |     2 |     1 ||     3
Armor: Leather armour    |       |     5 ||     5
Dodge: Dodged            |       |    23 ||    23

Table legend: (Time is in decaauts)
 A = Elapsed time spent in this place.
 B = Non-inter-level travel time spent in this place.
 C = Inter-level travel time spent in this place.
 D = Time resting spent in this place.
 E = Time spent auto-exploring this place.
 F = Levels seen in this place.
 G = Mean time per level.
                   A        B        C        D        E       F      G
               +--------+--------+--------+--------+--------+-----+--------+
         Total |    476 |    476 |      0 |    236 |    176 |   1 |  476.0 |
       Dungeon |    476 |    476 |      0 |    236 |    176 |   1 |  476.0 |
               +--------+--------+--------+--------+--------+-----+--------+

Top non-repeatable levels by time:
     D:5: 476 daAuts
